 Dungeon Crawl Stone Soup version 0.27.1-4-g1640c2035a (webtiles) character file.

Game seed: 10068984122229326563

14 Findor the Firebug (level 2, -1/15 (17) HPs)
             Began as an Octopode Fire Elementalist on Nov 18, 2021.
             Slain by a kobold (4 damage)
             ... on level 1 of the Dungeon.
             The game lasted 00:00:42 (530 turns).

Findor the Firebug (Octopode Fire Elementalist)      Turns: 530, Time: 00:00:43

HP:   -1/15 (17)    AC:  1    Str:  7    XL:     2   Next: 45%
MP:   5/5           EV: 13    Int: 17    God:
Gold: 31            SH:  0    Dex: 12    Spells: 4/5 levels left

rFire    . . .     SeeInvis .   a - +1 dagger (vamp) {!w}
rCold    . . .     Faith    .   (no shield)
rNeg     . . .     Spirit   .   (helmet restricted)
rPois    .         Reflect  .   (no amulet)
rElec    .         Harm     .   (no ring)
rCorr    .         Rampage  .   (no ring)
Will     .....                  (no ring)
Stlth    +++.......             (no ring)
HPRegen  0.05/turn              (no ring)
MPRegen  0.09/turn              (no ring)
                                (no ring)
                                (no ring)

@: heavily drained
A: almost no armour, amphibious, 8 rings, camouflage 1, gelatinous body 1,
(nimble swimmer 1), tentacles
a: no special abilities


You were on level 1 of the Dungeon.
You visited 1 branch of the dungeon, and saw 1 of its levels.

You collected 31 gold pieces.


Innate Abilities, Weirdness & Mutations

You cannot wear most types of armour.
You are amphibious.
You can wear up to eight rings at the same time.
Your skin changes colour to match your surroundings (Stealth+).
Your rubbery body absorbs attacks. (AC +1, EV +1)
((You are camouflaged near water. (Stealth+)))
You have tentacles for arms and can constrict up to eight enemies at once.


   Skills:
 - Level 2.0 Dodging
 - Level 2.6 Stealth
 + Level 2.2 Spellcasting
 + Level 1.4 Conjurations
 * Level 3.4 Fire Magic


You had 4 spell levels left.
You knew the following spells:

 Your Spells              Type           Power      Damage    Failure   Level
a - Foxfire               Conj/Fire      40%        2x1d6     7%          1

Your spell library contained the following spells:

 Spells                   Type           Power      Damage    Failure   Level
 Conjure Flame            Conj/Fire      10%        6-21      22%         3
 Inner Flame              Hex/Fire       7%         N/A       28%         3
 Sticky Flame             Conj/Fire      10%        2d3       56%         4
 Fireball                 Conj/Fire      5%         3d5       89%         5

Inventory:

Hand Weapons
 a - a +1 vampiric dagger (weapon) {!w}
   (You took it off a kobold on level 1 of the Dungeon)
Missiles
 b - 12 poisoned darts


Message History

You puncture the kobold!
You kill the kobold!
The kobold shouts!
A goblin comes into view. It is wielding a +0 dagger.
Found 9 gold pieces.
The goblin shouts!
You see here a +0 dagger.
A ball python comes into view.
A goblin comes into view. It is wielding a +0 club.
The kobold hits you with a +0 short sword.
You miss the kobold.
The goblin shouts!
You grab the kobold.
You constrict the kobold, but do no damage.
The kobold hits you with a +0 short sword.
The kobold shouts!
You hit the kobold but do no damage.
You constrict the kobold, but do no damage.
You hear an angry hiss.
The kobold hits you with a +0 short sword.
* * * LOW HITPOINT WARNING * * *
A goblin comes into view. It is wielding a +0 dagger.
Unknown command.
You release your grip on the kobold.
You see here a +0 dagger.
You hit the kobold.
You feel better.
You grab the kobold. You constrict the kobold. The kobold misses you.
You hit the kobold.
You feel better.
You kill the kobold!
You closely miss the goblin. Your grab misses the goblin.
The goblin misses you.
You barely miss the goblin. You grab the goblin.
You constrict the goblin, but do no damage.
The goblin barely misses you.
You hit the goblin.
You kill the goblin!
You hit the kobold. Your grab misses the kobold.
You squeeze the kobold, but do no damage.
The kobold hits you with a +2 dagger of draining.
You feel drained.
You barely miss the kobold. Your grab misses the kobold.
You squeeze the kobold, but do no damage.
The kobold hits you with a +2 dagger of draining.
* * * LOW HITPOINT WARNING * * *
You feel drained.
* * * LOW HITPOINT WARNING * * *
You miss the kobold. Your grab misses the kobold.
Your squeeze misses the kobold.
The kobold hits you with a +2 dagger of draining.
You die...

..#####..# #..
#..########
#.........#
##.######.# #.#
#.# #.# .# #.#
#.# #@# ###..#
#K#########.#....
#Sg..gg.........
#######)........
#..♣.♣... #.♣.♣.♣
#..♣g♣ #.♣ ♣g♣
#.. ♣..


You could see a goblin, a ball python and a kobold.

Vanquished Creatures
  A dart slug (D:1)
  A bat (D:1)
  4 jackals (D:1)
  2 goblins (D:1)
  3 kobolds (D:1)
  A rat (D:1)
12 creatures vanquished.

Vanquished Creatures (others)
  7 foxfires (D:1)
7 creatures vanquished.

Grand Total: 19 creatures vanquished

Notes
Turn   | Place    | Note
-------+----------+-------------------------------------------
     0 | D:1      | Findor the Octopode Fire Elementalist began the quest for
                  | the Orb.
     0 | D:1      | Reached XP level 1. HP: 11/11 MP: 3/3
     1 | D:1      | Found a runed translucent door.
    10 | D:1      | Noticed a jelly
   222 | D:1      | Reached XP level 2. HP: 14/17 MP: 5/5
   506 | D:1      | Found a faded altar of an unknown god.
   529 | D:1      | HP: 3/15 [kobold (2)]
   530 | D:1      | Slain by a kobold

Levels and vault maps discovered:
D:1:      dpeg_arrival_caged_fury, layout_loops_ring,
          chequers_ecumenical_altar_simple_redux

Action                   || total
-------------------------++-------
Melee: Dagger            ||    33
       Constrict         ||     7
       Tentacles         ||     6
 Cast: Foxfire           ||     4
 Stab: Sleeping          ||     1
Armor: Skin              ||     6
Dodge: Dodged            ||    32
